 Dungeon Crawl Stone Soup version 0.29.1-12-g30fa7ad0bf (webtiles) character file.

Game seed: 3758279676847856956

3455 Gabide the Fighter (level 10, -1/86 HPs)
             Began as a Formicid Berserker on Dec 17, 2022.
             Was a Priest of Trog.
             Engulfed by a cloud of flame (18 damage)
             ... on level 7 of the Dungeon.
             The game lasted 00:13:12 (8100 turns).

Gabide the Fighter (Formicid Berserker)             Turns: 8100, Time: 00:13:12

Health: -1/86      AC: 13    Str: 26    XL:     10   Next: 26%
Magic:  10/10      EV: 25    Int:  7    God:    Trog [***...]
Gold:   273        SH:  0    Dex: 13    Spells: 9/9 levels left

rFire   . . .      SeeInvis +   o - +0 giant club
rCold   + . .      Faith    .   (shield currently unavailable)
rNeg    + . .      Spirit   .   l - +2 chain mail {rC+}
rPois   .          Reflect  .   (helmet unavailable)
rElec   .          Harm     .   e - +2 cloak
rCorr   .          Rampage  .   (no gloves)
Will    ++...                   (no boots)
Stlth   ..........              p - amulet of the acrobat
HPRegen 0.24/turn               c - ring of willpower
MPRegen 0.12/turn               i - ring of positive energy

@: acrobatic
A: permanent stasis, dig shafts and tunnels, antennae 3, four strong arms
a: Dig, Shaft Self, Renounce Religion, Trog's Hand


You were on level 7 of the Dungeon.
You worshipped Trog.
Trog was most pleased with you.
You visited 1 branch of the dungeon, and saw 7 of its levels.
You also visited: Sewer.

You collected 372 gold pieces.
You spent 99 gold pieces at shops.

Inventory:

Hand Weapons
 o - a +0 giant club (weapon)
 w - a +0 giant spiked club
Armour
 e - a +2 cloak (worn)
 l - a +2 chain mail of cold resistance (worn)
 m - +0 steam dragon scales
 v - a +1 ring mail of fire resistance
Jewellery
 c - a ring of willpower (left hand)
 i - a ring of positive energy (right hand)
 j - the ring "Xeog" {Int+6 Dex+3}
   (You found it on level 6 of the Dungeon)

   [ring of intelligence]

   Int:       It affects your intelligence (+6).
   Dex:       It affects your dexterity (+3).
 p - an amulet of the acrobat (around neck)
Scrolls
 a - 3 scrolls of torment
 b - a scroll of magic mapping
 d - a scroll of brand weapon {unknown}
 h - 2 scrolls of butterflies
 n - a scroll of identify
 q - a scroll of poison {unknown}
 t - a scroll of immolation
Potions
 f - 5 potions of curing
 g - 3 potions of attraction
 r - a potion of mutation
 x - 2 potions of ambrosia


   Skills:
 * Level 10.3 Fighting
 * Level 9.4 Maces & Flails
 - Level 2.1 Armour
 + Level 5.9 Dodging


You had 9 spell levels left.
You didn't know any spells.
Your spell library was empty.

Dungeon Overview and Level Annotations

Branches:
Dungeon (7/15)             Temple (0/1) D:4           Sewer (visited)

Altars:
Dithmenos
Trog

Shops:
D:2 !   D:6 [

Annotations:
D:7 1 runed translucent door, Crazy Yiuf


Innate Abilities, Weirdness & Mutations

You cannot be hasted, slowed, berserked, paralysed or teleported.
You can dig through walls and to a lower floor.
You have a pair of large antennae on your head. (SInv)
Your four strong arms can wield two-handed weapons with a shield.


Message History

Maggie casts a spell at you.
The bolt of fire hits you but does no damage.
The steam dragon misses you. The steam dragon barely misses you.
You bludgeon the steam dragon!!
You kill the steam dragon!
Trog accepts your kill.
You feel the effects of Trog's Hand fading.
Maggie hits you with a +1 vorpal broad axe.
It was a potion of magic.
Magic courses through your body.
Maggie hits you with a +1 vorpal broad axe!
Unknown command.
Unknown command.
You barely miss Maggie.
Maggie is moderately wounded.
Maggie hits you with a +1 vorpal broad axe.
You feel better. Maggie barely misses you.
You feel better.
Maggie points at you and mumbles some strange words.
The bolt of fire hits you!!
You feel better.
Your skin stops crawling.
You feel less strong-willed.
Maggie mumbles some strange words.
Maggie draws you further into her thrall.
You bludgeon Maggie!!
Flame seeps out of Maggie.
Maggie is almost dead.
Maggie is engulfed in blazing flames.
Flame seeps out of Maggie.
Maggie hits you with a +1 vorpal broad axe.
Maggie is engulfed in blazing flames.
Flame seeps out of Maggie.
Maggie hits you with a +1 vorpal broad axe.
Maggie is engulfed in blazing flames.
Flame seeps out of Maggie.
Maggie completely misses you.
You sock Maggie!
You are no longer entranced.
Trog accepts your kill.
Trog appreciates your killing of a magic user.
Maggie explodes!
The fiery explosion engulfs you!!
* * * LOW HITPOINT WARNING * * *
You are engulfed in blazing flames.
You die...

....# ...# . #..## ###..
#...##..... [.........
#§.§..... #§°§.# ##@§# #..##
#### #..# ####... ##.##
##.##... ##..# ##..##.##
#...# ##...##.## #.# ##...#
####....##... #..#
####....#####.......##...
...##...................##.##


There were no monsters in sight!

Vanquished Creatures
  Joseph (D:7)
  Maggie (D:7)
  A komodo dragon (D:6)
  A hornet (D:7)
  2 steam dragons (D:7)
  Menkaure (D:5)
  An orc warrior (D:6)
  2 sky beasts (D:7)
  4 ogres
  2 centaurs (D:7)
  A phantom (D:6)
  2 kobold brigands (D:7)
  2 bullfrogs (D:7)
  4 scorpions
  A necrophage (D:6)
  A howler monkey (D:6)
  2 orc priests
  4 hounds
  4 jellies
  Ijyb (D:5)
  5 iguanas
  5 orc wizards
  A hell rat (Sewer)
  3 gnolls (D:5)
  A river rat (Sewer)
  6 adders
  3 white imps
  3 dart slugs
  7 worms
  21 orcs
  6 ball pythons
  6 endoplasms
  8 giant cockroaches
  3 goblins
  7 hobgoblins
  7 jackals
  3 quokkas
  3 bats
  2 frilled lizards
  15 kobolds
  7 rats
160 creatures vanquished.

Vanquished Creatures (others)
  An orc (D:7)
  2 fungi (D:1)
  3 plants (D:1)
6 creatures vanquished.

Grand Total: 166 creatures vanquished

Notes
Turn   | Place    | Note
-------+----------+-------------------------------------------
     0 | D:1      | Gabide the Formicid Berserker began the quest for the Orb.
     0 | D:1      | Reached XP level 1. HP: 18/18 MP: 1/1
    99 | D:1      | Reached XP level 2. HP: 2/24 MP: 2/2
    99 | D:1      | HP: 1/24 [frozen (1)]
   711 | D:1      | Reached XP level 3. HP: 30/30 MP: 3/3
   825 | D:1      | Found a faded altar of an unknown god.
  1165 | D:2      | Reached ** piety under Trog
  1368 | D:2      | Reached skill level 4 in Fighting
  1524 | D:2      | Found Turem's Distillery.
  1531 | D:2      | Bought a potion of lignification for 33 gold pieces
  1531 | D:2      | Bought a potion of curing for 33 gold pieces
  1531 | D:2      | Bought a potion of curing for 33 gold pieces
  1692 | D:2      | Reached XP level 4. HP: 30/37 MP: 4/4
  2719 | D:3      | Reached XP level 5. HP: 43/43 MP: 5/5
  3033 | D:3      | Reached skill level 5 in Fighting
  3274 | D:3      | Reached XP level 6. HP: 40/51 MP: 6/6
  3347 | D:4      | Noticed an ogre
  3362 | D:4      | Killed an ogre
  3540 | D:4      | Found a staircase to the Ecumenical Temple.
  3565 | D:4      | Reached *** piety under Trog
  3566 | D:4      | Reached skill level 5 in Maces & Flails
  3606 | D:4      | Found a bloodstained altar of Trog.
  3818 | D:4      | Reached XP level 7. HP: 41/57 MP: 7/7
  4095 | D:5      | Entered Level 5 of the Dungeon
  4104 | D:5      | Reached skill level 6 in Fighting
  4141 | D:5      | Noticed Menkaure
  4151 | D:5      | Killed Menkaure
  4458 | D:5      | Reached XP level 8. HP: 65/65 MP: 8/8
  4757 | D:5      | Reached skill level 7 in Fighting
  4869 | D:5      | Noticed Ijyb
  4882 | D:5      | Killed Ijyb
  5062 | D:6      | Identified the ring "Xeog" {Int+6 Dex+3}
  5113 | D:6      | Found a glowing drain.
  5130 | Sewer    | Entered a sewer
  5295 | D:6      | Found Ocyckyig's Antique Armour Shop.
  6094 | D:6      | Reached skill level 8 in Fighting
  6094 | D:6      | Reached XP level 9. HP: 74/74 MP: 9/9
  6182 | D:6      | Noticed a komodo dragon
  6189 | D:6      | Killed a komodo dragon
  6189 | D:6      | Reached **** piety under Trog
  6561 | D:6      | Found a shadowy altar of Dithmenos.
  6732 | D:7      | Reached skill level 5 in Dodging
  7174 | D:7      | Reached skill level 9 in Fighting
  7220 | D:7      | Noticed a hornet
  7232 | D:7      | Killed a hornet
  7261 | D:7      | Reached XP level 10. HP: 28/84 MP: 10/10
  7554 | D:7      | Noticed Joseph
  7571 | D:7      | Killed Joseph
  7572 | D:7      | Reached skill level 10 in Fighting
  7910 | D:7      | Found a runed translucent door.
  7911 | D:7      | Noticed Crazy Yiuf
  8077 | D:7      | Noticed Maggie
  8100 | D:7      | Killed Maggie
  8100 | D:7      | Engulfed by a cloud of flame

Illustrated notes

Levels and vault maps discovered:
D:1:      amcnicky_arrival_feature_with_door, layout_loops_ring,
          shapermc_ecumenical_altar_mp_urbaneastern
D:2:      layout_basic, serial_shops, shop_statue, minmay_circle_x
D:3:      layout_rooms, solitary_fountain, nrook_mini_backslash,
          chequers_serial_rivers_room_b
D:4:      layout_basic, mainiacjoe_overflow_alcove_2, minmay_temple_entry_glass
D:5:      layout_gridville, minmay_misc_feat_hallway, uniq_ijyb, uniq_menkaure
D:6:      layout_loops_corners, grunt_dithmenos_shadows,
          cheibrodos_sewer_entry_drain, serial_shops, shop,
          hangedman_decor_growths, dk_rats_in_the_wall
D:7:      wad_guarded_room, layout_layer_cave, serial_shops, shop,
          uniq_crazy_yiuf_cottage, uniq_maggie, uniq_joseph

Skill      XL: |  1  2  3  4  5  6  7  8  9 10 |
---------------+-------------------------------+-----
Dodging        | 2 3 4 5 |  5.9
Fighting       | 4 5 6 8 9 10 | 10.3
Maces & Flails | 4 5 6 7 8 9 |  9.4
Armour         | |  2.1

Action                   |  1- 3 |  4- 6 |  7- 9 | 10-12 || total
-------------------------+-------+-------+-------+-------++-------
Melee: Mace              |    86 |   110 |       |       ||   196
       Giant club        |       |    36 |   258 |    38 ||   332
       Giant spiked club |       |       |       |     4 ||     4
Invok: Trog's Hand       |       |       |     3 |     1 ||     4
 Abil: Dig               |       |       |     2 |       ||     2
Evoke: Wand              |       |       |     2 |     8 ||    10
  Use: Scroll            |       |     5 |    13 |     1 ||    19
       Potion            |       |     2 |     4 |     5 ||    11
Armor: Animal skin       |    18 |       |       |       ||    18
       Scale mail        |     4 |     3 |       |       ||     7
       Chain mail        |       |    65 |   141 |    22 ||   228
Dodge: Dodged            |    61 |    91 |   174 |    31 ||   357
